 Dungeon Crawl Stone Soup version 0.24.0-2-g5b39cebb1c (webtiles) character file.

Game seed: 3433398887377885937, levelgen mode: deterministic

0 Esekla the Skirmisher (level 1, 13/16 HPs)
             Began as an Octopode Abyssal Knight on Oct 29, 2019.
             Was an Initiate of Lugonu.
             Got out of the dungeon alive.
             The game lasted 00:02:16 (196 turns).

Esekla the Skirmisher (Octopode Abyssal Knight)      Turns: 196, Time: 00:02:17

Health: 13/16      AC:  1    Str: 11    XL:     1   Next: 0%
Magic:  1/2        EV: 13    Int: 14    God:    Lugonu [......]
Gold:   9          SH:  0    Dex: 11    Spells: 0/0 levels left

rFire    . . .     SeeInvis .   a - +1 falchion
rCold    . . .     Gourm    .   (no shield)
rNeg     . . .     Faith    .   (helmet restricted)
rPois    .         Spirit   .   e - amulet of inaccuracy (curse)
rElec    .         Reflect  .   (no ring)
rCorr    .         Harm     .   (no ring)
MR       .....                  (no ring)
Stlth    ++........             (no ring)
HPRegen  0.05/turn              (no ring)
MPRegen  0.08/turn              (no ring)
                                (no ring)
                                (no ring)

@: no status effects
A: almost no armour, stealthy swim, amphibious, 8 rings, constrict 8, camouflage
1, gelatinous body 1
a: Renounce Religion


You escaped.
You worshipped Lugonu.
Lugonu was noncommittal.
You were not hungry.

You visited 1 branch of the dungeon, and saw 1 of its levels.
You visited the Abyss 1 time.

You collected 9 gold pieces.

Inventory:

Hand Weapons
 a - a +1 falchion (weapon)
Jewellery
 e - a cursed amulet of inaccuracy (around mantle)
Scrolls
 c - 2 scrolls of remove curse {unknown}
 d - 2 scrolls of identify {unknown}
Comestibles
 b - a ration


   Skills:
 + Level 3.0 Fighting
 * Level 2.0 Long Blades
 * Level 2.3 Dodging
 + Level 2.0 Invocations


You couldn't memorise any spells.
You didn't know any spells.
Your spell library was empty.

Dungeon Overview and Level Annotations

Branches:
Dungeon (1/15)

Altars:


Innate Abilities, Weirdness & Mutations

You cannot wear most types of armour.
You are very stealthy in the water. (Stealth+)
You are amphibious.
You can wear up to eight rings at the same time.
You can use your tentacles to constrict eight enemies at once.
Your skin changes colour to match your surroundings (Stealth+).
Your rubbery body absorbs attacks. (AC +1, EV +1)


Message History

d - 2 scrolls labeled XOSAITAU HARCHERO (gained 1) Tentacles burst from the starspawn's body! 2 starspawn tentacles come into view.
The starspawn tentacle misses you. The starspawn tentacle grabs you.
The starspawn tentacle constricts you.
The starspawn tentacle loses its grip on you.
You pass through the gate.
You can no longer depart the Abyss at will.
A hobgoblin and a kobold come into view.
Found a hand axe and 24 gold pieces.
There is a staircase leading out of the dungeon here.
Found an escape hatch in the floor.
Oops, that amulet feels deathly cold.
e - a cursed amulet of inaccuracy (around mantle)
There is a staircase leading out of the dungeon here.
Are you sure you want to leave the Dungeon?
This will make you lose the game!
Alright, then stay!
Are you sure you want to leave the Dungeon?
This will make you lose the game!
The kobold shouts!
You have escaped!

########.. #.
#........ ...
#......# ....
#.....###....
#......#....
#...........
#..#...#>..
#.###.## #..
#..@#
#.........)....
#.......#......
#......###.....
#.....K. ...g.
#.....$. ....
#..$.... ...
####### ###


You could see a hobgoblin (wandering) and a kobold.

Vanquished Creatures (others)
  3 starspawn tentacles
3 creatures vanquished.

Notes
Turn   | Place    | Note
-------+----------+-------------------------------------------
     0 | Abyss:1  | Esekla the Octopode Abyssal Knight began the quest for the
                  | Orb.
     0 | Abyss:1  | Reached XP level 1. HP: 16/16 MP: 2/2
    98 | Abyss:1  | Noticed a raiju
   105 | Abyss:1  | Noticed a rust devil
   131 | Abyss:2  | Noticed a tentacled starspawn
   143 | Abyss:3  | Noticed a large abomination
   150 | Abyss:3  | Noticed a tentacled starspawn
   152 | Abyss:3  | Noticed an ancient zyme
   185 | D:1      | Escaped the Abyss
   196 | D:$      | Got out of the dungeon alive.

Levels and vault maps discovered:
D:1:      minmay_arrival_five_plusses, layout_rooms

Action                   || total
-------------------------++-------
Invok: Depart the Abyss  ||     1
Dodge: Dodged            ||     1
